Map: Neon Violet Square LE

Players

BunnyWillis - Winner!

  • Race: Terran Terran
  • League: Master
  • Spawn Location: 11:00

Maplez

  • Race: Protoss Protoss
  • League: Grandmaster
  • Spawn Location: 5:00

VOD

Have the link to the VOD?

Description

Time

  • Played on: April 20, 2018, 6:49 p.m.
  • Length: 7:46
Show
View Real Time Build Order
Export as new Build Order

BunnyWillis Terran - Winner!

Build Orders: MMM Bio 

Get SALT Encoding   

  12  0:01  SCV  
  13  0:13  SCV  
  14  0:20  Supply Depot  
  14  0:25  SCV  
  15  0:34  Refinery  
  15  0:42  SCV  
  16  0:45  Barracks  
  16  0:54  SCV  
  17  1:06  SCV  
  18  1:18  SCV  
  20  1:33  Reaper  
  20  1:34  Orbital Command  
  20  1:48  Command Center  
  20  2:00  SCV  
  21  2:08  Factory  
  21  2:11  Barracks Reactor  
  21  2:15  Supply Depot  
  21  2:16  SCV  
  22  2:28  SCV  
  23  2:40  SCV  
  24  2:48  Marine x2  
  25  2:52  SCV  
  25  2:56  Starport  
  26  3:00  Widow Mine  
  26  3:02  Orbital Command  
  26  3:04  SCV  
  28  3:06  Marine x2  
  30  3:16  SCV  
  30  3:18  Bunker  
  30  3:19  Refinery  
  31  3:21  Widow Mine  
  31  3:26  Marine x2  
  35  3:28  SCV  
  35  3:31  SCV  
  37  3:40  SCV  
  37  3:44  Medivac, Marine x2  
  37  3:47  SCV  
  41  3:52  SCV  
  41  3:55  Factory Tech Lab  
  42  3:59  SCV  
  42  4:02  Supply Depot  
  43  4:05  SCV  
  44  4:10  Marine x2  
  44  4:16  Barracks  
  46  4:17  Barracks  
  46  4:23  Siege Tank, Supply Depot, SCV x2  
  51  4:25  Supply Depot  
  51  4:27  Marine  
  51  4:29  Marine  
  53  4:38  SCV  
  54  4:42  Supply Depot  
  54  4:44  SCV  
  55  4:45  Supply Depot  
  55  4:46  Starport Reactor  
  55  4:50  SCV  
  55  4:52  Engineering Bay  
  56  4:55  Marine x2  
  56  4:56  SCV  
  59  5:02  SCV  
  59  5:04  Factory Reactor  
  59  5:06  Barracks Tech Lab  
  59  5:15  SCV  
  59  5:19  Marine x3  
  62  5:23  Stimpack  
  62  5:24  SCV  
  62  5:27  Refinery, Terran Infantry Weapons Level 1, SCV  
  62  5:28  Refinery  
  62  5:29  Marine  
  62  5:32  Combat Shields  
  63  5:37  Barracks x2  
  63  5:38  SCV  
  63  5:41  SCV  
  63  5:42  Marine x2, Supply Depot  
  64  5:53  Marauder x2  
  64  5:54  Widow Mine x2  
  64  5:55  SCV x2  
  71  6:02  Marine x2  
  73  6:07  Supply Depot, SCV x2  
  73  6:11  Supply Depot  
  75  6:13  Medivac x2  
  81  6:18  Marauder  
  81  6:19  Marauder  
  81  6:21  Marine x2  
  84  6:32  Barracks Tech Lab  
  83  6:35  Barracks Reactor  
  83  6:36  Widow Mine x2  
  87  6:41  Marine x2, Marauder  
  87  6:42  Marauder  
  87  6:46  Medivac  
  95  6:49  SCV  
  95  6:52  Marauder  
  98  6:56  Supply Depot x2  
  97  7:02  Marine x2  
  97  7:03  Marauder  
  97  7:04  Widow Mine x2  
  104  7:14  Marine x2, Marauder x2  
  110  7:20  Marine x2, Supply Depot  
Show
View Real Time Build Order
Export as new Build Order

Maplez Protoss 

Build Orders: 1 Gate Expand, Blink Stalkers 

Get SALT Encoding   

  12  0:00  Probe  
  13  0:12  Probe  
  14  0:18  Pylon  
  14  0:24  Probe  
  15  0:32  Probe  
  15  0:37  Gateway  
  15  0:40  Probe  
  16  0:47  Assimilator  
  17  0:51  Probe  
  18  1:03  Probe  
  19  1:15  Probe  
  20  1:24  Nexus  
  20  1:28  Probe  
  21  1:36  Cybernetics Core  
  21  1:41  Assimilator  
  21  1:45  Probe  
  22  1:52  Pylon  
  22  1:57  Probe  
  23  2:03  Stalker  
  23  2:10  Probe  
  26  2:17  Warp Gate  
  26  2:22  Probe  
  27  2:26  Twilight Council  
  27  2:30  Stalker  
  27  2:32  Blink  
  27  2:34  Probe  
  30  2:46  Probe  
  30  2:50  Probe  
  32  2:59  Probe  
  32  3:02  Probe  
  32  3:04  Stalker  
  36  3:11  Probe  
  36  3:14  Gateway  
  37  3:23  Gateway  
  37  3:26  Probe  
  38  3:31  Probe  
  38  3:32  Pylon  
  38  3:38  Probe  
  37  3:43  Probe  
  38  3:50  Probe  
  38  3:53  Assimilator  
  39  3:55  Probe  
  39  4:02  Probe  
  41  4:08  Nexus, Probe  
  42  4:14  Pylon, Probe  
  43  4:20  Probe  
  43  4:22  Robotics Facility  
  44  4:24  Charge  
  44  4:27  Probe  
  45  4:31  Pylon  
  45  4:32  Probe  
  45  4:34  Stalker  
  48  4:39  Probe  
  48  4:40  Stalker  
  51  4:48  Probe  
  51  4:49  Assimilator  
  51  4:51  Stalker  
  54  4:53  Probe  
  55  5:01  Gateway  
  55  5:03  Gateway  
  55  5:10  Stalker  
  57  5:18  Stalker x2  
  57  5:20  Probe  
  54  5:24  Probe  
  54  5:25  Probe  
  57  5:28  Probe  
  58  5:36  Probe  
  58  5:37  Probe  
  60  5:45  Probe  
  60  5:49  Probe  
  62  5:50  Probe  
  62  5:56  Gateway  
  63  5:57  Probe  
  63  5:59  Gateway  
  63  6:01  Probe  
  63  6:03  Probe  
  66  6:09  Probe  
  66  6:11  Robotics Bay, Robotics Facility  
  67  6:13  Probe  
  67  6:15  Probe, Sentry x3  
  75  6:21  Probe  
  75  6:22  Warp Prism  
  75  6:25  Probe  
  77  6:29  Probe  
  77  6:31  Pylon  
  78  6:33  Probe  
  78  6:36  Forge  
  78  6:38  Forge  
  81  6:51  Probe x3  
  81  6:54  Pylon, Assimilator x2  
  84  6:55  Pylon  
  84  7:03  Probe x3  
  99  7:16  Zealot x2  
  99  7:18  Probe x2  
  99  7:20  Probe  
  106  7:35  Zealot  
  106  7:36  Zealot x4  
  108  7:41  Zealot x2  
Tags
 
Add a new tag
Caveats
  • Supply blocks, unpowered buildings, or Contaminate may cause inaccurate times.
  • Supply counts are checked every 10 seconds.